Map: [ESL] Goldenaura

Players

Wayne

  • Race: Zerg Zerg
  • Spawn Location: 12:00

Serral - Winner!

  • Race: Zerg Zerg
  • Spawn Location: 5:00

Event: ESL SC2 Masters 2023 Winter (Regional)

VOD

Have the link to the VOD?

Description

Time

  • Played on: Nov. 9, 2023, 8:14 a.m.
  • Length: 4:24

All games in this series

Show
View Real Time Build Order
Export as new Build Order

Wayne Zerg 

Build Orders: Hatch First 

Get SALT Encoding   

  12  0:00  Drone  
  13  0:08  Drone  
  14  0:14  Extractor, Drone  
  15  0:36  Hatchery  
  15  0:41  Extractor  
  13  0:43  Drone  
  13  0:48  Overlord  
  15  1:03  Spawning Pool  
  14  1:06  Drone  
  14  1:10  Drone  
  16  1:13  Drone  
  17  1:22  Drone  
  18  1:28  Extractor  
  18  1:30  Drone  
  18  1:39  Drone  
  19  1:50  Queen x2  
  19  1:51  Drone  
  19  1:52  Drone  
  25  2:00  Drone  
  26  2:02  Overlord  
  26  2:10  Drone  
  26  2:11  Drone  
  28  2:22  Drone x2  
  30  2:26  Queen  
  32  2:30  Queen  
  32  2:35  Overlord  
  34  2:41  Overlord  
  34  2:45  Drone x2  
  36  2:55  Drone x2  
  36  2:57  Drone  
  36  2:58  Drone  
  40  3:01  Drone x3  
  40  3:02  Drone  
  44  3:11  Lair  
  44  3:13  Extractor  
  44  3:17  Drone  
  44  3:18  Drone x2  
  46  3:23  Evolution Chamber  
  45  3:29  Overlord  
  45  3:30  Roach Warren  
  45  3:32  Drone  
  45  3:33  Drone  
  46  3:39  Drone  
  47  3:46  Hatchery  
  46  3:50  Drone  
  46  3:51  Drone  
  46  3:52  Drone x3  
  49  4:04  Extractor  
  49  4:05  Drone  
  49  4:16  Extractor, Nydus Network  
Show
View Real Time Build Order
Export as new Build Order

Serral Zerg - Winner!

Build Orders: Hatch First 

Get SALT Encoding   

  12  0:00  Drone  
  13  0:11  Overlord  
  13  0:17  Drone  
  14  0:30  Drone x2  
  16  0:48  Hatchery  
  15  0:50  Drone  
  15  0:54  Drone  
  17  0:58  Drone  
  18  1:08  Extractor  
  17  1:13  Spawning Pool  
  17  1:16  Drone  
  17  1:20  Drone  
  18  1:27  Drone  
  19  1:38  Drone  
  20  1:48  Drone  
  21  1:59  Queen x2  
  21  2:00  Zergling x2  
  21  2:01  Overlord  
  26  2:09  Metabolic Boost  
  26  2:11  Drone x2  
  28  2:23  Drone x2  
  30  2:33  Hatchery  
  30  2:36  Drone  
  30  2:38  Drone  
  30  2:43  Drone  
  32  2:45  Overlord  
  32  2:52  Drone  
  32  2:53  Drone  
  32  2:57  Queen  
  35  3:08  Drone x4  
  35  3:10  Drone x2  
  41  3:14  Overlord  
  41  3:20  Zergling x2  
  41  3:21  Zergling x4  
  44  3:29  Drone, Roach Warren  
  44  3:33  Zergling x2  
  45  3:37  Overlord  
  45  3:40  Zergling x8  
  49  3:42  Zergling x4  
  49  3:44  Zergling x2  
  49  3:46  Zergling x2  
  53  3:52  Overlord  
  53  3:57  Zergling x4  
  58  4:14  Extractor  
Tags
 
Add a new tag
Caveats
  • Supply blocks, unpowered buildings, or Contaminate may cause inaccurate times.
  • Supply counts are checked every 10 seconds.